 Dungeon Crawl Stone Soup version 0.31-a0-112-gdf0485fa37 (webtiles) character file.

Game seed: 9471351288387876935

295 porpoise the Skirmisher (level 6, -5/39 HPs)
             Began as a Kobold Hunter on May 29, 2023.
             Slain by a bullfrog (7 damage)
             ... in a sewer.
             The game lasted 00:10:21 (2200 turns).

porpoise the Skirmisher (Kobold Hunter)             Turns: 2200, Time: 00:10:25

Health: -5/39      AC:  5    Str:  8    XL:     6   Next: 61%
Magic:  6/6        EV: 11    Int: 11    God:
Gold:   113        SH:  0    Dex: 20    Spells: 5/5 levels left

rFire   . . .        a - +0 shortbow
rCold   . . .        (shield currently unavailable)
rNeg    . . .        c - +0 leather armour
rPois   .            h - +1 helmet
rElec   .            (no cloak)
rCorr   .            (no gloves)
SInv    .            (no boots)
Will    .....        (no amulet)
Stlth   +++          (no ring)
HPRegen 0.26/turn    (no ring)
MPRegen 0.10/turn

%: no passive effects
@: hasted, constricted, very quick
A: small, no large weapons, nightstalker 3
a: no special abilities


You were in a sewer.
You visited 1 branch of the dungeon, and saw 3 of its levels.
You also visited: Sewer.

You collected 168 gold pieces.
You spent 55 gold pieces at shops.

Inventory:

Hand Weapons
 a - a +0 shortbow (weapon)
 b - a +0 vampiric rapier
 m - a +0 dagger of electrocution
Armour
 c - a +0 leather armour (worn)
 h - a +1 helmet (worn)
Scrolls
 i - a scroll of amnesia {unknown}
 j - 2 scrolls of immolation
 n - a scroll of identify
 o - a scroll of fog
 p - a scroll of vulnerability
Potions
 e - a potion of resistance
 l - 4 potions of curing
 q - a potion of enlightenment


   Skills:
 + Level 4.4 Fighting
 * Level 8.5 Ranged Weapons
 - Level 2.4 Dodging
 - Level 1.3 Stealth


You had 5 spell levels left.
You didn't know any spells.
Your spell library contained the following spells:

 Spells                   Type           Power      Damage    Failure   Level
 Sandblast                Erth           0%         2d4       45%         1
 Passwall                 Tmut/Erth      0%         N/A       61%         2
 Portal Projectile        Hex/Tloc       0%         N/A       83%         3
 Stone Arrow              Conj/Erth      0%         3d7       83%         3
 Tukima's Dance           Hex            0%         N/A       83%         3
 Blade Hands              Tmut           0%         N/A       100%        5


Dungeon Overview and Level Annotations

Branches:
Dungeon (3/15)              Sewer (1/1)

Altars:

Shops:
D:1 [   D:2 *


Innate Abilities, Weirdness & Mutations

You are small and have problems with some larger weapons.
You are completely attuned to the shadows.


Message History

The ball python constricts you.
The bullfrog releases a deep croak.
The bullfrog hits you but does no damage.
The bullfrog hits you.
* * * LOW HITPOINT WARNING * * *
The ball python barely misses you.
The ball python bites you but does no damage.
The ball python constricts you.
You shoot an arrow.
The arrow closely misses the ball python.
The bullfrog hits you but does no damage.
The bullfrog hits you.
* * * LOW HITPOINT WARNING * * *
The ball python barely misses you. The ball python constricts you.
The ball python misses you.
It was a potion of lignification.
You turn into a tree.
Your +1 helmet melds into your body.
Your +0 leather armour melds into your body.
Your roots penetrate the ground.
The bullfrog hits you but does no damage. x2
The ball python bites you but does no damage. x2
The ball python constricts you.
The bullfrog hits you but does no damage. x2
It was a potion of cancellation.
Your magical effects are unravelling.
You feel magically purged.
You feel less wooden.
Your +1 helmet unmelds from your body.
Your +0 leather armour unmelds from your body.
The ball python bites you but does no damage. x2
The ball python constricts you.
The bullfrog hits you but does no damage.
The bullfrog barely misses you.
It was a potion of haste.
You feel yourself speed up. The bullfrog barely misses you.
The bullfrog closely misses you. The ball python bites you.
* * * LOW HITPOINT WARNING * * *
The ball python closely misses you. The ball python constricts you.
The bullfrog hits you!
You die...

#..'....# #..#....#
####...##
##################....#
.#≈≈≈≈≈≈≈≈≈≈≈≈≈≈~......#
.~~≈≈~≈≈≈≈≈≈≈≈≈≈≈~....##
#~~~≈≈≈≈≈~~~~~~†....#
F~~≈≈~JF≈F≈~~~~≈≈~....#
.~~≈≈≈≈S@.~≈~~≈≈~~...##
.#~≈≈≈≈S≈~~~≈≈≈~~#.###
###################


You could see 2 bullfrogs, an endoplasm and 2 ball pythons.

Vanquished Creatures
  A black bear (D:2)
  4 adders
  8 river rats (Sewer)
  2 worms
  3 dart slugs
  4 bats
  5 endoplasms
  A giant cockroach (D:3)
  3 goblins
  8 hobgoblins
  5 jackals
  2 quokkas
  15 ball pythons
  3 frilled lizards
  4 kobolds
  29 rats
97 creatures vanquished.

Notes
Turn   | Place    | Note
-------+----------+-------------------------------------------
     0 | D:1      | porpoise the Kobold Hunter began the quest for the Orb.
     0 | D:1      | Reached XP level 1. HP: 12/12 MP: 1/1
    60 | D:1      | Found Noluz's Armour Shoppe.
   159 | D:1      | Reached XP level 2. HP: 18/18 MP: 2/2
   289 | D:1      | Reached skill level 6 in Ranged Weapons
   294 | D:1      | Reached XP level 3. HP: 22/22 MP: 3/3
   423 | D:1      | You fall into a shaft and drop 1 floor!
   723 | D:2      | Identified the +2 robe of Reegeg {Harm Will+ Slay-2}
   782 | D:2      | Noticed a black bear
   794 | D:2      | Killed a black bear
   795 | D:2      | Reached skill level 7 in Ranged Weapons
   795 | D:2      | Reached XP level 4. HP: 15/29 MP: 4/4
   795 | D:2      | Reached XP level 5. HP: 18/33 MP: 5/5
   873 | D:2      | Found Rapuorom's General Store.
   878 | D:2      | Bought a potion of might for 44 gold pieces
   878 | D:2      | Bought a potion of degeneration for 11 gold pieces
  1362 | D:3      | Found a glowing drain.
  1384 | Sewer    | Entered a sewer
  1542 | Sewer    | Reached XP level 6. HP: 4/38 MP: 6/6
  1704 | Sewer    | Reached skill level 8 in Ranged Weapons
  2037 | Sewer    | HP: 1/39 [rat (2)]
  2200 | Sewer    | Slain by a bullfrog

Illustrated notes

Levels and vault maps discovered:
D:1:      sevenhm_arrival_forest_fort_small_4, layout_rooms, serial_shops,
          nicolae_shop_advertising_works [nicolae_subvault_shop_adworks]
D:2:      layout_rooms, serial_shops, nicolae_square_shop, serial_glass,
          glass_columns_a, glass_columns_a, glass_columns_a, glass_columns_a,
          glass_columns_a, glass_columns_a, glass_columns_b, glass_columns_a
D:3:      layout_loops_ring, grunt_temple_overflow_diamond,
          ashenzari_conservatory_becter, portal_sewer_entry_a,
          hellmonk_ecumenical_altar_prayer_group, grunt_decor_one_mirror
Sewer:    sewer_minmay_w

Skill      XL: |  1  2  3  4  5  6 |
---------------+-------------------+-----
Ranged Weapons | 6 7 8 |  8.5
Fighting       | 3 4 |  4.4
Dodging        | |  2.4
Stealth        | |  1.3

Action                     |  1- 3 |  4- 6 || total
---------------------------+-------+-------++-------
  Melee: Dagger            |       |    35 ||    35
         Rapier            |       |    46 ||    46
         Punch             |       |     1 ||     1
   Fire: Shortbow          |    69 |   148 ||   217
    Use: Scroll            |       |    11 ||    11
         Potion            |       |    11 ||    11
   Stab: Sleeping          |       |     2 ||     2
         Distracted        |       |     1 ||     1
 Armour: Leather armour    |    10 |   124 ||   134
         Skin              |       |     6 ||     6
  Dodge: Dodged            |    31 |   386 ||   417

Table legend: (Time is in decaauts)
 A = Elapsed time spent in this place.
 B = Non-inter-level travel time spent in this place.
 C = Inter-level travel time spent in this place.
 D = Time resting spent in this place.
 E = Time spent auto-exploring this place.
 F = Levels seen in this place.
 G = Mean time per level.
                   A        B        C        D        E       F      G
               +--------+--------+--------+--------+--------+-----+--------+
         Total |   2310 |   2230 |     80 |    634 |    817 |   4 |  577.5 |
       Dungeon |   1407 |   1327 |     80 |    205 |    797 |   3 |  469.0 |
         Sewer |    902 |    902 |      0 |    429 |     19 |   1 |  902.0 |
               +--------+--------+--------+--------+--------+-----+--------+

Top non-repeatable levels by time:
   Sewer: 902 daAuts
     D:2: 703 daAuts
     D:1: 586 daAuts
     D:3: 117 daAuts
